[Event "Titled Tuesday Blitz January 10 Early 2023"]
[White "Gonzalez, Francisco Silva"]
[Black "Leiva, Gianmarco"]
[WhiteFideId "1512285"]
[BlackFideId "3804399"]
[WhiteElo "2021"]
[BlackElo "2392"]
[Result "1-0"]
[Round "10"]
[TimeControl "180+2"]
[Date "2023.01.10"]
[WhiteClock "0:00:43"]
[BlackClock "0:00:04"]

1. d4 Nf6 2. c4 e6 3. Nc3 Bb4 4. a3 Bxc3+ 5. bxc3 c5 6. e3 Nc6 7. Bd3 b6 8. e4 d6 9. Nf3 Qc7 10. Bg5 Na5 11. O-O h6 12. Bh4 g5 13. Bg3 Nh5 14. Nd2 Nxg3 15. fxg3 Ba6 16. Qh5 Qe7 17. e5 Rf8 18. Rxf7 Rxf7 19. Bg6 O-O-O 20. Bxf7 dxe5 21. d5 Nxc4 22. Bxe6+ Kb7 23. Rf1 Rf8 24. Rxf8 Qxf8 25. Nxc4 Bxc4 26. h3 Ka6 27. Qd1 b5 28. a4 b4 29. cxb4 cxb4 30. Kh2 Qc5 31. Qe1 Qd6 32. Qd2 Ka5 33. Bf7 Qc5 34. d6 Bxf7 35. d7 Bd5 36. d8=Q+ Kxa4 37. Q8xd5 Qxd5 38. Qxd5 b3 39. Qxe5 Ka3 40. Qa1+ 1-0


[Site "https://www.chess.com"]

[Event "Titled Tuesday Blitz January 10 Early 2023"]
[White "Renjith, Sravan"]
[Black "Kuznecovs, Nikita"]
[WhiteFideId "4306783"]
[BlackFideId "11604557"]
[WhiteElo "2172"]
[BlackElo "2287"]
[Result "0-1"]
[Round "10"]
[TimeControl "180+2"]
[Date "2023.01.10"]
[WhiteClock "0:00:06"]
[BlackClock "0:00:05"]

1. Nf3 Nf6 2. d4 e6 3. Bf4 b5 4. Nbd2 Bb7 5. h3 c5 6. c3 a6 7. Qc2 Nc6 8. e3 Rc8 9. Be2 Qb6 10. dxc5 Bxc5 11. O-O Rg8 12. Rad1 h6 13. Ne4 Nxe4 14. Qxe4 Nd4 15. Qd3 Nxe2+ 16. Qxe2 g5 17. Bg3 h5 18. Ne5 d6 19. Nd3 Qc6 20. f3 g4 21. Nxc5 dxc5 22. e4 gxh3 23. Kh2 h4 24. gxh3 hxg3+ 25. Kg2 Rd8 26. Rxd8+ Kxd8 27. Rd1+ Kc8 28. Qd2 Qc7 29. Qh6 Kb8 30. Qh7 Re8 31. Qg7 f5 32. Qxc7+ Kxc7 33. exf5 exf5 34. Kxg3 Re3 35. Rf1 Re2 36. h4 Rxb2 37. h5 Rxa2 38. h6 f4+ 39. Kxf4 Rh2 40. Kg5 a5 41. f4 b4 42. cxb4 axb4 43. f5 Bd5 44. f6 Bf7 45. Re1 Kd6 46. Rd1+ Kc7 47. Re1 Bd5 48. Kg6 b3 49. h7 c4 50. Kg7 c3 51. Re3 c2 52. Rc3+ Kd6 53. Rc8 b2 54. Rxc2 Rxc2 55. h8=Q Rg2+ 56. Kf8 Rg8+ 57. Qxg8 Bxg8 58. Kxg8 b1=Q 59. f7 Qg6+ 60. Kh8 Qh5+ 61. Kg8 Qg5+ 62. Kf8 Ke6 63. Ke8 Qe7# 0-1


[Site "https://www.chess.com"]

[Event "Titled Tuesday Blitz January 10 Early 2023"]
[White "Quinones Garcia, Santiago"]
[Black "Arngrimsson, Dagur"]
[WhiteFideId "4408497"]
[BlackFideId "2301288"]
[WhiteElo "2248"]
[BlackElo "2370"]
[Result "0-1"]
[Round "10"]
[TimeControl "180+2"]
[Date "2023.01.10"]
[WhiteClock "0:00:02"]
[BlackClock "0:00:49"]

1. d4 Nf6 2. c4 g6 3. Nc3 Bg7 4. e4 O-O 5. Nf3 d6 6. h3 e5 7. d5 Nh5 8. Be3 f5 9. exf5 gxf5 10. g3 f4 11. gxf4 Nxf4 12. Nd2 Qh4 13. Qb3 Na6 14. O-O-O Nc5 15. Bxc5 dxc5 16. Nce4 Bf5 17. Qg3 Qh6 18. Kb1 b5 19. cxb5 Kh8 20. f3 Nxd5 21. Bd3 Rad8 22. Nc4 Nb4 23. Be2 Rd4 24. a3 Rxe4 25. fxe4 Bxe4+ 26. Ka1 Nc2+ 27. Ka2 Nd4 28. Rhe1 Bc2 29. Rc1 Qe6 30. Rxc2 Nxc2 31. Rc1 Nd4 32. Bf1 a6 33. b3 axb5 34. Ne3 Qxb3+ 35. Ka1 Qxa3+ 36. Kb1 Qb3+ 0-1


[Site "https://www.chess.com"]

[Event "Titled Tuesday Blitz January 10 Early 2023"]
[White "Andreev, Konstantin"]
[Black "Al-Tarboush, Ward"]
[WhiteFideId "24239305"]
[BlackFideId "7601450"]
[WhiteElo "2195"]
[BlackElo "2256"]
[Result "1-0"]
[Round "10"]
[TimeControl "180+2"]
[Date "2023.01.10"]
[WhiteClock "0:00:03"]
[BlackClock "0:00:02"]

1. e4 c5 2. Nf3 Nc6 3. Nc3 e5 4. d4 exd4 5. Nd5 Nge7 6. Bd3 Nxd5 7. exd5 Nb4 8. Bc4 Qe7+ 9. Kd2 Qd6 10. Qe2+ Be7 11. Qe4 O-O 12. a3 f5 13. Qe2 Re8 14. axb4 Bg5+ 15. Nxg5 Rxe2+ 16. Kxe2 b5 17. Ba2 c4 18. Nf3 Bb7 19. Rd1 Re8+ 20. Kf1 Bxd5 21. Rxd4 Qe7 22. Be3 Bxf3 23. gxf3 Qxb4 24. b3 Qc3 25. Rad1 Qxc2 26. R1d2 Qc1+ 27. Kg2 c3 28. b4+ Kh8 29. Re2 Qa3 30. Bc1 Rxe2 31. Bxa3 Rxa2 32. Rxd7 h6 33. Bc1 Ra1 34. Be3 c2 35. Rc7 Ra2 36. Kf1 a5 37. bxa5 b4 38. Bc1 b3 39. Ke1 Rxa5 40. Kd2 Rd5+ 41. Kc3 Rd1 42. Kb2 Rd3 43. Rc3 Rd1 44. Rxb3 Rf1 45. Kxc2 Rxf2+ 46. Bd2 Rxh2 47. Rb5 f4 48. Kd3 g5 49. Bc3+ Kh7 50. Rb6 Ra2 51. Ke4 Ra3 52. Be5 Ra7 53. Kf5 Rf7+ 54. Kg4 Re7 55. Kf5 Rf7+ 56. Bf6 Ra7 57. Re6 Kg8 58. Kg6 Kf8 59. Rd6 Ra8 60. Rd7 Ke8 61. Rh7 Ra3 62. Rg7 Rxf3 63. Re7+ Kf8 64. Rf7+ Ke8 65. Re7+ Kf8 66. Rd7 Re3 67. Rd8+ Re8 68. Rd7 Re1 69. Rh7 Ke8 70. Rxh6 f3 71. Rh2 Re2 72. Rh1 f2 73. Rf1 g4 74. Bh4 Kd7 75. Kg5 Re4 76. Bxf2 Ke6 77. Bg3 Kd5 78. Rf5+ Kd4 79. Bf4 Kd3 80. Kxg4 Ra4 81. Rd5+ Kc4 82. Rd8 Kc3 83. Kf3 Kc4 84. Be3 Ra3 85. Rd4+ Kb5 86. Rd8 Kc6 87. Rd4 Kb5 88. Rd8 Kc4 89. Ke4 Ra6 90. Bd4 Re6+ 91. Be5 Rh6 92. Rc8+ Kb5 93. Kd5 Ka4 94. Rb8 Ka3 95. Kd4 Rh4+ 96. Kd3 Rh3+ 97. Kc4 Rh4+ 98. Bd4 Ka2 99. Rb2+ Ka3 100. Rb5 Ka2 101. Ra5+ Kb1 102. Kd3 Rh3+ 103. Be3 Kb2 104. Rb5+ Ka2 105. Kd2 Rh2+ 106. Kc3 Rg2 107. Bd2 Ka1 108. Kc2 1-0


[Site "https://www.chess.com"]

[Event "Titled Tuesday Blitz January 10 Early 2023"]
[White "Langner, Ladislav"]
[Black "Derjabin, Ilja"]
[WhiteFideId "300403"]
[BlackFideId "14104768"]
[WhiteElo "2368"]
[BlackElo "2333"]
[Result "0-1"]
[Round "10"]
[TimeControl "180+2"]
[Date "2023.01.10"]
[WhiteClock "0:00:01"]
[BlackClock "0:01:37"]

1. e4 c5 2. c3 e6 3. d4 d5 4. e5 Qa5 5. a3 c4 6. Nd2 b5 7. f4 b4 8. cxb4 Bxb4 9. Nf3 Nc6 10. Be2 c3 11. axb4 Qxa1 12. bxc3 Qxc3 13. O-O Nxd4 14. Nxd4 Qxd4+ 15. Kh1 Bd7 16. b5 Ne7 17. Ba3 Nf5 18. Qe1 Qa4 19. Bc5 Rc8 20. Qf2 Qc2 21. Nf3 Qxc5 22. Qxc5 Rxc5 0-1


[Site "https://www.chess.com"]

[Event "Titled Tuesday Blitz January 10 Early 2023"]
[White "Bazarov, Konstantin"]
[Black "Marn, Jan"]
[WhiteFideId "4137000"]
[BlackFideId "14619245"]
[WhiteElo "2235"]
[BlackElo "2345"]
[Result "0-1"]
[Round "10"]
[TimeControl "180+2"]
[Date "2023.01.10"]
[WhiteClock "0:00:29"]
[BlackClock "0:00:06"]

1. d4 d5 2. c4 c6 3. Nc3 Nf6 4. Nf3 e6 5. e3 Nbd7 6. b3 Bd6 7. Be2 O-O 8. O-O Qe7 9. Bb2 dxc4 10. bxc4 e5 11. Re1 Re8 12. Qc2 e4 13. Nd2 Nf8 14. h3 Ng6 15. Nf1 Bxh3 16. gxh3 Qd7 17. Ng3 Qxh3 18. Bf1 Qh4 19. Bg2 Ng4 20. Ncxe4 Qh2+ 21. Kf1 Nh4 22. f3 Bxg3 23. Nxg3 Nxe3+ 24. Rxe3 Rxe3 25. Qf2 Rae8 26. Ne4 Qxg2+ 27. Qxg2 Nxg2 28. Bc1 Rxf3+ 29. Kxg2 Rd3 30. Nf2 Rxd4 31. c5 Rc4 32. Ba3 Re3 33. Rd1 h5 34. Rd8+ Kh7 35. Bb2 Rc2 36. Bd4 Rd3 37. Kf1 Rdd2 38. Rd7 f6 39. Ne4 Rd1# 0-1


[Site "https://www.chess.com"]

[Event "Titled Tuesday Blitz January 10 Early 2023"]
[White "Gressmann, Moritz"]
[Black "Kvaloy, Aksel Bu"]
[WhiteFideId "24695084"]
[BlackFideId "1528815"]
[WhiteElo "2129"]
[BlackElo "2321"]
[Result "0-1"]
[Round "10"]
[TimeControl "180+2"]
[Date "2023.01.10"]
[WhiteClock "0:00:03"]
[BlackClock "0:00:22"]

1. Nf3 d5 2. b3 Nf6 3. Bb2 Bg4 4. e3 e6 5. Be2 Nbd7 6. O-O c6 7. Ne5 Bxe2 8. Qxe2 Nxe5 9. Bxe5 Bd6 10. f4 Qe7 11. a4 Bxe5 12. fxe5 Nd7 13. d4 O-O-O 14. c4 f6 15. exf6 Nxf6 16. cxd5 exd5 17. Nd2 Rhe8 18. Rf3 Kb8 19. Rb1 Qb4 20. Nf1 Ne4 21. Rb2 Qc3 22. b4 Nf6 23. b5 c5 24. dxc5 d4 25. c6 d3 26. Qd2 Ne4 27. Qxc3 Nxc3 28. cxb7 Nxa4 29. Rd2 Kxb7 30. Rf7+ Kb6 31. Rxg7 Nc5 32. Rxh7 Nb3 33. Rd1 d2 34. Kf2 Nc5 35. Nxd2 Ne4+ 36. Ke1 Nc3 37. Rh3 Nxd1 38. Kxd1 Kxb5 39. g4 Rd6 40. g5 Red8 41. g6 Rxd2+ 42. Ke1 Rg2 43. Rh5+ Kc4 44. Ra5 Rb8 45. Kf1 Rxg6 46. Rxa7 Rb2 47. e4 Kd4 48. Ra4+ Ke5 49. h4 Rh6 50. h5 Kf4 51. Ra3 Rxh5 52. Kg1 Rc5 53. Ra1 Kxe4 54. Re1+ Kd5 55. Rd1+ Kc6 56. Kh1 Rh5+ 57. Kg1 Rd5 58. Rc1+ Kd6 59. Re1 Rbd2 60. Re8 Kd7 61. Re3 Rd1+ 62. Kg2 R5d2+ 0-1


[Site "https://www.chess.com"]

[Event "Titled Tuesday Blitz January 10 Early 2023"]
[White "Jimenez, Joaquin"]
[Black "Fayzullaev, Akmal"]
[WhiteFideId "109860"]
[BlackFideId "14200554"]
[WhiteElo "2195"]
[BlackElo "2391"]
[Result "1-0"]
[Round "10"]
[TimeControl "180+2"]
[Date "2023.01.10"]
[WhiteClock "0:01:04"]
[BlackClock "0:00:31"]

1. e4 e5 2. Nf3 Nc6 3. Bb5 Nf6 4. d3 a6 5. Bxc6 dxc6 6. Nxe5 Bc5 7. Nf3 O-O 8. O-O Bg4 9. Be3 Bd6 10. Nbd2 Re8 11. h3 Bh5 12. Nc4 Nd7 13. Nxd6 cxd6 14. g4 Bg6 15. Qd2 h5 16. Nh2 d5 17. f3 Qh4 18. Qg2 Nf6 19. Bf2 Qg5 20. Rae1 hxg4 21. hxg4 dxe4 22. dxe4 Rad8 23. Be3 Qh4 24. Qf2 Qh3 25. Bg5 Rd7 26. Qg2 Qh7 27. Bxf6 gxf6 28. Rd1 Red8 29. Qe2 Qh6 30. Rxd7 Rxd7 31. Rd1 Re7 32. Kg2 Qf4 33. Qd2 Qe5 34. Qd4 Qf4 35. Qd8+ 1-0


[Site "https://www.chess.com"]

[Event "Titled Tuesday Blitz January 10 Early 2023"]
[White "Kalajzic, Ivan"]
[Black "Buksa, Nataliya"]
[WhiteFideId "14506378"]
[BlackFideId "14123622"]
[WhiteElo "2062"]
[BlackElo "2406"]
[Result "1/2-1/2"]
[Round "10"]
[TimeControl "180+2"]
[Date "2023.01.10"]
[WhiteClock "0:00:15"]
[BlackClock "0:02:01"]

1. d4 d5 2. Nc3 e6 3. Nf3 Nf6 4. Bg5 Be7 5. Bxf6 Bxf6 6. e4 dxe4 7. Nxe4 O-O 8. c3 b6 9. Bd3 Bb7 10. Qc2 Nd7 11. h4 Be7 12. O-O-O Qe8 13. g4 c5 14. g5 cxd4 15. Nxd4 Ne5 16. f4 Nxd3+ 17. Qxd3 Bc5 18. Rhg1 Kh8 19. Rg3 Bxd4 20. Qxd4 Bxe4 21. Qxe4 Qb5 22. h5 Rad8 23. Rgd3 Rxd3 24. Qxd3 Qa4 25. Qd4 Qxd4 26. Rxd4 h6 27. Rd7 e5 28. gxh6 exf4 29. hxg7+ Kxg7 30. Rd4 Rh8 31. Rxf4 Rxh5 32. Kc2 Re5 33. Kd3 Kg6 34. b4 f5 35. c4 Kg5 36. Rf1 f4 37. Kd4 Re2 38. a4 Kg4 39. c5 bxc5+ 40. bxc5 f3 41. Kd5 Rd2+ 42. Ke6 Ra2 43. c6 Rxa4 44. c7 Rc4 45. Kd7 a5 46. Ra1 f2 47. c8=Q Rxc8 48. Kxc8 Kg3 49. Kb7 Kg2 50. Kb6 a4 51. Kb5 a3 52. Kb4 f1=Q 53. Rxf1 Kxf1 54. Kxa3 1/2-1/2


[Site "https://www.chess.com"]

[Event "Titled Tuesday Blitz January 10 Early 2023"]
[White "Mkrtchian, Lilit"]
[Black "Golizadeh, Asghar"]
[WhiteFideId "13300601"]
[BlackFideId "12505269"]
[WhiteElo "2389"]
[BlackElo "2455"]
[Result "0-1"]
[Round "10"]
[TimeControl "180+2"]
[Date "2023.01.10"]
[WhiteClock "0:00:01"]
[BlackClock "0:01:02"]

1. Nf3 Nf6 2. g3 e6 3. Bg2 d5 4. c4 dxc4 5. Qa4+ Bd7 6. Qxc4 c5 7. Ne5 Qc8 8. Nxd7 Nbxd7 9. O-O Be7 10. Nc3 O-O 11. d4 cxd4 12. Qxd4 Rd8 13. Bf4 Bc5 14. Qa4 Nb6 15. Qb5 Rd4 16. Rac1 Rb4 17. Qd3 Rd4 18. Qc2 Ng4 19. Nb5 Rc4 20. Qb1 a6 21. Nd6 Bxd6 22. Bxd6 Qd7 23. Bf4 Rac8 24. Rxc4 Nxc4 25. Rd1 Qb5 26. h3 Nf6 27. b3 Na3 28. Qd3 Qxd3 29. Rxd3 Nd5 30. Bxd5 exd5 31. Rxd5 h6 32. Rd7 g5 33. Be5 Rc2 34. e3 Rxa2 35. g4 f6 36. Bxf6 Nc2 37. Rxb7 Ne1 38. Rg7+ Kf8 39. Rh7 Nf3+ 40. Kg2 Nh4+ 41. Kf1 Rc2 42. Rxh6 Rc1+ 43. Ke2 Rc2+ 44. Kd3 Rxf2 45. Bxg5 Nf3 46. Rf6+ Kg7 47. Bh4 Rd2+ 48. Kc3 Nxh4 49. Rxa6 Rh2 50. b4 Rxh3 51. Kd4 Rg3 52. b5 Rxg4+ 53. Kd3 Ng6 54. b6 Ne5+ 55. Kc2 Rb4 56. Ra7+ Kf6 57. b7 Ke6 58. Kc3 Rb1 0-1


[Site "https://www.chess.com"]

[Event "Titled Tuesday Blitz January 10 Early 2023"]
[White "Tomaszewski, Kacper"]
[Black "Doluhanova, Evgeniya"]
[WhiteFideId "1127373"]
[BlackFideId "14112035"]
[WhiteElo "2313"]
[BlackElo "2275"]
[Result "0-1"]
[Round "10"]
[TimeControl "180+2"]
[Date "2023.01.10"]
[WhiteClock "0:00:08"]
[BlackClock "0:00:07"]

1. c4 Nf6 2. Nf3 Nc6 3. d4 e6 4. a3 b6 5. Nc3 Bb7 6. e4 d6 7. d5 exd5 8. exd5 Ne5 9. Be2 Nxf3+ 10. Bxf3 Be7 11. O-O O-O 12. Re1 Nd7 13. Bf4 Bg5 14. Bg3 Bh4 15. Qc2 Bxg3 16. hxg3 Ne5 17. Be2 Ba6 18. Qa4 Bc8 19. f4 Nd7 20. b4 a5 21. Ne4 Nf6 22. Ng5 Bf5 23. Qb3 h6 24. Nf3 axb4 25. axb4 Rxa1 26. Rxa1 Re8 27. Re1 Ng4 28. Bd3 Rxe1+ 29. Nxe1 Qf6 30. Bxf5 Qxf5 31. Nf3 Qe4 32. Qc3 Qb1+ 33. Qe1 Qxe1+ 34. Nxe1 Ne3 35. c5 dxc5 36. bxc5 Nxd5 37. cxb6 cxb6 38. Kf2 Kf8 39. Kf3 Ke7 40. Ke4 Kd6 41. Nd3 b5 42. Ne5 f6 43. Nd3 b4 44. Kf5 b3 45. Kg6 Nb4 46. Nb2 Kd5 47. Kxg7 Kd4 48. Kxf6 Nd3 49. Na4 Kc4 50. Ke6 Kb4 51. f5 Kxa4 52. f6 b2 53. f7 b1=Q 54. f8=Q Qb6+ 55. Kd5 Nb4+ 56. Kc4 Qb5+ 57. Kc3 Qd3+ 58. Kb2 Qc2+ 59. Ka1 Qa2# 0-1


[Site "https://www.chess.com"]

[Event "Titled Tuesday Blitz January 10 Early 2023"]
[White "Gutkin, Ilya"]
[Black "Nguyen Hong Nhung"]
[WhiteFideId "16203470"]
[BlackFideId "12412201"]
[WhiteElo "2273"]
[BlackElo "2003"]
[Result "1-0"]
[Round "10"]
[TimeControl "180+2"]
[Date "2023.01.10"]
[WhiteClock "0:00:17"]
[BlackClock "0:00:07"]

1. Nf3 f5 2. b3 Nf6 3. Bb2 g6 4. g3 Bg7 5. Bg2 O-O 6. O-O d6 7. d4 Ne4 8. c4 Nc6 9. Nc3 Nxc3 10. Bxc3 e5 11. dxe5 dxe5 12. Qd5+ Kh8 13. Qxd8 Rxd8 14. Rfd1 Rxd1+ 15. Rxd1 e4 16. Bxg7+ Kxg7 17. Nd4 Nxd4 18. Rxd4 Be6 19. f3 exf3 20. exf3 Re8 21. f4 c6 22. Kf2 Kf6 23. c5 Bf7 24. Rd7 Re7 25. Rxe7 Kxe7 26. Ke3 a5 27. Kd4 a4 28. bxa4 Bxa2 29. a5 Kd7 30. Ke5 Bc4 31. Bf3 Ke7 32. g4 fxg4 33. Bxg4 Bd3 34. h4 Bc4 35. h5 gxh5 36. Bxh5 h6 37. f5 Ba6 38. f6+ Kf8 39. Kd6 Bc4 40. Kc7 Ba6 41. Kb6 Kg8 42. Bf3 Kf7 43. Bxc6 h5 44. Bf3 h4 45. c6 Bd3 46. cxb7 h3 47. b8=Q Kxf6 48. Qf4+ Kg6 49. Qd6+ Kg5 50. Qxd3 h2 51. Bh1 Kh4 52. Qe2 Kg3 53. Qg2+ Kh4 54. Kc5 Kh5 55. Kd6 Kh4 56. Ke5 1-0


[Site "https://www.chess.com"]

[Event "Titled Tuesday Blitz January 10 Early 2023"]
[White "Levitan, Caleb Levi"]
[Black "Tania, Sachdev"]
[WhiteFideId "14332620"]
[BlackFideId "5007844"]
[WhiteElo "2129"]
[BlackElo "2389"]
[Result "0-1"]
[Round "10"]
[TimeControl "180+2"]
[Date "2023.01.10"]
[WhiteClock "0:00:02"]
[BlackClock "0:00:09"]

1. e4 c5 2. Nf3 e6 3. d4 cxd4 4. Nxd4 Nf6 5. Nc3 Nc6 6. Nxc6 bxc6 7. Bd3 d5 8. O-O Be7 9. f4 dxe4 10. Nxe4 O-O 11. Qf3 Bb7 12. b3 c5 13. Bb2 Nxe4 14. Bxe4 Bxe4 15. Qxe4 Bf6 16. Rad1 Qe7 17. Be5 Rfd8 18. h3 g6 19. Qc6 Bxe5 20. fxe5 Rac8 21. Qa6 Rxd1 22. Rxd1 Rf8 23. Qc6 Rb8 24. Rd7 Qg5 25. Qe4 c4 26. Rxa7 cxb3 27. axb3 Rd8 28. Kh2 Rd5 29. Ra8+ Kg7 30. c4 Rxe5 31. Qd4 Kh6 32. c5 Re3 33. Qg4 Qxg4 34. hxg4 Rxb3 35. c6 Rc3 36. Rc8 Kg5 37. Rf8 f6 38. Rf7 Rxc6 39. Rxh7 Kxg4 40. Rh3 g5 41. Rg3+ Kf5 42. Rf3+ Kg6 43. g4 f5 44. gxf5+ exf5 45. Kg3 Rc4 46. Rb3 Kh5 47. Kg2 f4 48. Rb8 Kg4 49. Rb2 Kf5 50. Kf3 g4+ 51. Kf2 Ke4 52. Re2+ Kd3 53. Re7 Rc2+ 54. Kf1 g3 55. Rf7 Ke4 56. Re7+ Kf3 57. Re1 Rf2+ 58. Kg1 Rg2+ 59. Kf1 Rh2 60. Kg1 Rc2 61. Kf1 Kg4 62. Kg1 f3 63. Re7 Rc1+ 0-1


[Site "https://www.chess.com"]

[Event "Titled Tuesday Blitz January 10 Early 2023"]
[White "Reprintsev, Alexander"]
[Black "Aspire_ie"]
[WhiteFideId "14100541"]
[WhiteElo "2253"]
[BlackElo "2307"]
[Result "1-0"]
[Round "10"]
[TimeControl "180+2"]
[Date "2023.01.10"]
[WhiteClock "0:01:37"]
[BlackClock "0:00:01"]

1. e4 d6 2. d4 Nf6 3. Nc3 g6 4. h4 h5 5. Nf3 Bg4 6. Be2 Bxf3 7. gxf3 e5 8. Bg5 Nbd7 9. Qd2 Bg7 10. O-O-O c6 11. f4 Qe7 12. fxe5 dxe5 13. f4 exd4 14. Qxd4 c5 15. Qa4 O-O 16. e5 Nxe5 17. fxe5 Qxe5 18. Rhe1 Rfd8 19. Bd3 Qg3 20. Qf4 Qxf4+ 21. Bxf4 Ng4 22. Ne4 b6 23. Bc4 Re8 24. Bxf7+ Kxf7 25. Nd6+ Kf8 26. Nxe8 Rxe8 27. Bd6+ Kf7 28. Rxe8 Kxe8 29. Re1+ Kf7 30. Re7+ Kf6 31. Rxa7 Bh6+ 32. Kb1 Be3 33. Rb7 c4 34. Bc7 Bf2 35. Bxb6 1-0


[Site "https://www.chess.com"]

[Event "Titled Tuesday Blitz January 10 Early 2023"]
[White "Makhmudov, Shukhrat"]
[Black "Vagman, Roy"]
[WhiteFideId "14200775"]
[BlackFideId "2828995"]
[WhiteElo "2115"]
[BlackElo "2273"]
[Result "0-1"]
[Round "10"]
[TimeControl "180+2"]
[Date "2023.01.10"]
[WhiteClock "0:01:49"]
[BlackClock "0:02:45"]

1. e4 c5 2. Nf3 h6 3. b4 cxb4 4. d4 g5 5. h3 Bg7 6. a3 Nf6 7. Bd3 bxa3 8. Nxa3 O-O 9. Qe2 d5 10. e5 Ne4 11. c4 Qa5+ 12. Bd2 Nxd2 13. Nxd2 dxc4 14. Bxc4 Nc6 15. Qe3 Nxd4 16. O-O Qxe5 17. Qd3 Bf5 18. Qc3 Ne2+ 0-1


[Site "https://www.chess.com"]

[Event "Titled Tuesday Blitz January 10 Early 2023"]
[White "Ruiz Aguilar, Pablo Alexander"]
[Black "Ljukin, Sergei"]
[WhiteFideId "4401352"]
[BlackFideId "14102200"]
[WhiteElo "2161"]
[BlackElo "2362"]
[Result "0-1"]
[Round "10"]
[TimeControl "180+2"]
[Date "2023.01.10"]
[WhiteClock "0:00:01"]
[BlackClock "0:00:04"]

1. e4 e6 2. d4 d5 3. Nd2 Nf6 4. e5 Nfd7 5. Bd3 c5 6. c3 Nc6 7. Ne2 cxd4 8. cxd4 f6 9. exf6 Qxf6 10. Nf3 h6 11. O-O Bd6 12. Be3 O-O 13. Ng3 Rd8 14. Re1 Nf8 15. Nh5 Qf7 16. Ng3 Bd7 17. Rc1 Be8 18. a3 Qf6 19. Bb1 Rac8 20. b4 a6 21. Ne5 Nxe5 22. dxe5 Bxe5 23. Rxc8 Rxc8 24. Nh5 Bxh2+ 25. Kxh2 Qh4+ 26. Kg1 Bxh5 27. Qd2 Bg6 28. Bxg6 Nxg6 29. Bc5 Re8 30. Bd4 e5 31. Bc5 Qd8 32. Qc2 Qf6 33. b5 axb5 34. Qb3 Qc6 35. Bb4 Kh8 36. Qg3 d4 37. Qd3 Qxg2+ 38. Kxg2 Nf4+ 39. Kf1 Nxd3 40. Re4 Kh7 41. Bd6 Kg6 42. Ke2 Nf4+ 43. Kf3 Kf5 44. Bxe5 Ng6 45. Rxd4 Nxe5+ 46. Kg3 Rc8 47. Rd5 Rc3+ 48. Kg2 Rb3 49. Rc5 g5 50. Rc7 Rxa3 51. Rxb7 Rb3 52. Rh7 Kg6 53. Re7 Nd3 54. Re6+ Kh5 55. Kh2 Nf4 56. Rb6 g4 57. Rc6 Kg5 58. Rc5+ Kh4 59. Rf5 Rf3 60. Rxb5 Rxf2+ 61. Kg1 Ra2 62. Rb6 h5 63. Rb3 Ng6 64. Rc3 Ne5 65. Re3 Nf3+ 66. Kf1 Kg3 67. Rd3 Rf2# 0-1


[Site "https://www.chess.com"]

[Event "Titled Tuesday Blitz January 10 Early 2023"]
[White "Sovetbekova, Nurai"]
[Black "Begunov, Konstantin"]
[WhiteFideId "13801910"]
[BlackFideId "4118510"]
[WhiteElo "1764"]
[BlackElo "2325"]
[Result "0-1"]
[Round "10"]
[TimeControl "180+2"]
[Date "2023.01.10"]
[WhiteClock "0:00:05"]
[BlackClock "0:00:10"]

1. d4 d5 2. c4 c6 3. Nf3 Nf6 4. g3 Bf5 5. Nc3 e6 6. Nh4 Bg4 7. h3 Bh5 8. g4 Ne4 9. Nxe4 dxe4 10. gxh5 Qxh4 11. h6 g6 12. d5 exd5 13. Qd4 Rg8 14. cxd5 cxd5 15. Qxd5 Bb4+ 16. Bd2 e3 17. Bxb4 Qxb4+ 18. Kd1 Nc6 19. a3 Qa4+ 20. b3 Qh4 21. Kc2 Rd8 22. Qc5 Qxf2 23. Rd1 Rxd1 24. Kxd1 Qf6 25. Kc2 Qe7 26. Qd5 Qe5 27. Qd3 Ke7 28. Bg2 Rd8 29. Qc3 Qxc3+ 30. Kxc3 f5 31. Rf1 Ke6 32. Rf3 Ne5 33. Rxe3 f4 34. Re4 g5 35. Bf3 b6 36. Bg4+ Kd5 37. Bf3 Kd6 38. Rd4+ Ke7 39. Re4 Kf6 40. Kb2 Rd2+ 41. Kc3 Rd6 42. Rd4 Rxd4 43. Kxd4 Nf7 44. Kd5 Nxh6 45. Kc6 Nf5 46. Kb7 Nd4 47. Kxa7 Nxf3 48. exf3 h5 49. Kxb6 g4 50. hxg4 hxg4 51. fxg4 f3 52. a4 f2 53. a5 f1=Q 54. a6 Qf2+ 55. Kb7 Qf3+ 56. Kb6 Qxb3+ 57. Ka7 Kg5 58. Ka8 Qd5+ 59. Kb8 Qb5+ 60. Ka7 Kxg4 61. Ka8 Qxa6+ 0-1


[Site "https://www.chess.com"]

[Event "Titled Tuesday Blitz January 10 Early 2023"]
[White "Lakshmi C"]
[Black "Goldin, Roman"]
[WhiteFideId "25035347"]
[BlackFideId "2803860"]
[WhiteElo "1928"]
[BlackElo "2322"]
[Result "0-1"]
[Round "10"]
[TimeControl "180+2"]
[Date "2023.01.10"]
[WhiteClock "0:00:04"]
[BlackClock "0:00:46"]

1. e4 Nc6 2. d4 e5 3. d5 Nce7 4. c4 Nf6 5. Nc3 Ng6 6. g3 Bc5 7. Bg2 d6 8. h3 a6 9. Nge2 Bd7 10. O-O O-O 11. Kh1 h6 12. f4 exf4 13. Nxf4 Ne5 14. b3 Qe7 15. a3 Rae8 16. Bb2 Nh7 17. g4 Qh4 18. Qe1 Qxe1 19. Raxe1 g6 20. Rd1 Re7 21. Nce2 Rfe8 22. Nd4 Ng5 23. Rfe1 Bxd4 24. Bxd4 Nef3 25. Bxf3 Nxf3 26. Re3 Ng5 27. Rde1 Rxe4 28. Ne6 Rxe3 0-1


[Site "https://www.chess.com"]

[Event "Titled Tuesday Blitz January 10 Early 2023"]
[White "Alfaro, William"]
[Black "Novikova, Galina"]
[WhiteFideId "6100457"]
[BlackFideId "4157095"]
[WhiteElo "2134"]
[BlackElo "2073"]
[Result "1-0"]
[Round "10"]
[TimeControl "180+2"]
[Date "2023.01.10"]
[WhiteClock "0:02:10"]
[BlackClock "0:01:52"]

1. Nf3 e6 2. g3 f5 3. Bg2 Nf6 4. d3 Be7 5. O-O d6 6. e4 e5 7. exf5 Bxf5 8. d4 e4 9. Nfd2 d5 10. c4 c6 11. Nc3 O-O 12. cxd5 cxd5 13. f3 Nc6 14. fxe4 dxe4 15. Rxf5 Qxd4+ 16. Kh1 Ng4 17. Qxg4 Bc5 18. Rxf8+ Rxf8 19. Qd1 Rf2 20. Ndxe4 Qxd1+ 21. Nxd1 Rf5 22. Nxc5 Rxc5 1-0


[Site "https://www.chess.com"]

[Event "Titled Tuesday Blitz January 10 Early 2023"]
[White "Fabris, Alberto"]
[Black "Novikov, Evgenij"]
[WhiteFideId "801348"]
[BlackFideId "4125380"]
[WhiteElo "2230"]
[BlackElo "2276"]
[Result "0-1"]
[Round "10"]
[TimeControl "180+2"]
[Date "2023.01.10"]
[WhiteClock "0:01:10"]
[BlackClock "0:00:23"]

1. e4 e5 2. Nf3 Nc6 3. Bb5 a6 4. Ba4 Nf6 5. O-O Be7 6. Re1 b5 7. Bb3 O-O 8. h3 d5 9. exd5 Nxd5 10. Nxe5 Nxe5 11. Rxe5 c6 12. d3 Bd6 13. Re1 Qh4 14. Qf3 Bb7 15. Nc3 Nxc3 16. bxc3 Ra7 17. Bd2 c5 18. Bd5 Bxd5 19. Qxd5 Qf6 20. Re4 Rd7 21. Qh5 g6 22. Qe2 b4 23. d4 a5 24. Re1 Bc7 25. cxb4 cxb4 26. Be3 Qd6 27. g3 Qd5 28. Re8 Rxe8 29. Qg4 Rde7 30. Qd1 Bxg3 0-1


[Site "https://www.chess.com"]

[Event "Titled Tuesday Blitz January 10 Early 2023"]
[White "Riverol, Jose"]
[Black "Jaskolka, Tomasz"]
[WhiteFideId "3000427"]
[BlackFideId "1170791"]
[WhiteElo "2304"]
[BlackElo "2238"]
[Result "0-1"]
[Round "10"]
[TimeControl "180+2"]
[Date "2023.01.10"]
[WhiteClock "0:00:06"]
[BlackClock "0:01:01"]

1. d4 e6 2. c4 f5 3. g3 Nf6 4. Nc3 Be7 5. Bg2 O-O 6. Nh3 d6 7. O-O Qe8 8. Qc2 a5 9. e4 fxe4 10. Nxe4 Nc6 11. Be3 e5 12. dxe5 Nxe5 13. Nf4 Bg4 14. f3 Bd7 15. Rae1 Nxe4 16. Qxe4 Bc6 17. Nd5 Qf7 18. Bd4 Bf6 19. b3 Rae8 20. Nxf6+ Qxf6 21. Bxe5 Rxe5 22. Qb1 Rxe1 23. Qxe1 Qd4+ 24. Qf2 Qxf2+ 25. Kxf2 Kf7 26. f4 Bxg2 27. Kxg2 Re8 28. Kf3 Kf6 29. Rd1 b6 30. g4 g6 31. h4 Re6 32. h5 gxh5 33. g5+ Kg6 34. a3 Re8 35. b4 axb4 36. axb4 Ra8 37. Ke4 Re8+ 38. Kf3 Ra8 39. Ke4 Ra4 40. Rg1 Rxb4 41. f5+ Kf7 42. Kd5 b5 43. c5 dxc5 44. Kxc5 Rf4 45. g6+ hxg6 46. fxg6+ Kg7 47. Kxb5 h4 48. Kc5 h3 49. Kd5 h2 50. Rh1 Rf2 51. Ke4 Kxg6 52. Ke3 Ra2 53. Kf3 Kf5 54. Kg3 c5 55. Rc1 c4 0-1


[Site "https://www.chess.com"]